 Dungeon Crawl Stone Soup version 0.32-a0-995-gb4a59205af (webtiles) character file.

Game seed: 1268368992596107542

891 javelincjr the Trooper (level 7, -3/57 HPs)
             Began as a Demonspawn Gladiator on Apr 22, 2024.
             Slain by a wraith (5 damage)
             ... on level 5 of the Dungeon.
             The game lasted 00:13:18 (3534 turns).

javelincjr the Trooper (Demonspawn Gladiator)       Turns: 3534, Time: 00:13:19

Health: -3/57      AC: 10    Str: 17    XL:     7   Next: 77%
Magic:  7/7        EV:  7    Int: 14    God:
Gold:   316        SH:  4    Dex: 14    Spells: 6/6 levels left

rFire   . . .        k - +1 spear (vamp)
rCold   . . .        u - +0 buckler
rNeg    . . .        s - +0 chain mail
rPois   .            c - +0 helmet
rElec   .            (no cloak)
rCorr   .            (no gloves)
SInv    .            (no boots)
Will    .....        (no amulet) Stlth
                     n - +6 ring of intelligence
HPRegen 0.29/turn    (no ring)
MPRegen 0.10/turn

%: no passive effects
@: slowed, very slow
A: demonic guardian 1, powered by pain 1, demonic touch 2
a: no special abilities


You were on level 5 of the Dungeon.
You visited 1 branch of the dungeon, and saw 5 of its levels.

You collected 316 gold pieces.

Inventory:

Hand Weapons
 a - a +0 trident
 k - a +1 vampiric spear (weapon)
 v - a +0 sling
 B - a +1 sling of electrocution
Missiles
 d - 4 throwing nets (quivered)
 e - a javelin
 f - 67 stones
Armour
 b - a +0 leather armour
 c - a +0 helmet (worn)
 l - a +0 ring mail
 s - a +0 chain mail (worn)
 u - a +0 buckler (worn)
 w - a +2 pair of gloves of infusion
Jewellery
 n - a +6 ring of intelligence (left hand)
Scrolls
 h - 7 scrolls of identify {unknown}
 j - 2 scrolls of vulnerability {unknown}
 m - 2 scrolls of teleportation {unknown}
 p - a scroll of enchant weapon {unknown}
 r - a scroll of enchant armour {unknown}
 y - a scroll of revelation {unknown}
 z - a scroll of immolation {unknown}
Potions
 g - a potion of might {unknown}
 i - a potion of brilliance {unknown}
 o - a potion of mutation {unknown}
 q - a potion of haste {unknown}
 t - a potion of degeneration {unknown}
 x - a potion of resistance {unknown}
 A - a potion of curing {unknown}


   Skills:
 * Level 5.9 Fighting
 + Level 4.4 Polearms
 - Level 1.7 Throwing
 + Level 3.4 Armour
 + Level 4.5 Dodging


You had 6 spell levels left.
You didn't know any spells.
Your spell library contained the following spells:

 Spells                   Type           Power      Damage    Failure   Level
 Apportation              Tloc           0%         N/A       99%         1
 Necrotise                Necr           0%         1d4       99%         1
 Sandblast                Erth           0%         2d4       99%         1
 Sting                    Conj/Alch      0%         1d3       99%         1
 Summon Small Mammal      Summ           0%         N/A       99%         1
 Ensorcelled Hibernation  Hex/Ice        0%         N/A       99%         2
 Call Canine Familiar     Summ           0%         N/A       100%        3
 Passwall                 Erth           0%         N/A       100%        3
 Stone Arrow              Conj/Erth      0%         3d7       100%        3
 Swiftness                Air            0%         N/A       100%        3
 Summon Blazeheart Golem  Fire/Summ      0%         N/A       100%        4


Dungeon Overview and Level Annotations

Branches:
Dungeon (5/15)
 Temple: D:4-7

Altars:
Ru

Shops:
D:1 *

Annotations:
D:3 3 runed translucent doors, hattop's ghost, amateur DrAl; mitya21's ghost, amateur DsSh; spaghetti's ghost, amateur NaBe


Innate Abilities, Weirdness & Mutations

A weak demonic guardian rushes to your aid.
You sometimes gain a little power by taking damage.
Your touch may inflict irresistible damage on your foes.


Message History

You feel as though you will be slow longer.
The wraith hits you but does no damage.
You hit the wraith.
The wraith is heavily damaged.
The wraith hits you!
* * * LOW HITPOINT WARNING * * *
The wraith drains your vigour!
You feel as though you will be slow longer.
You hit the wraith but do no damage.
The wraith is heavily damaged.
The wraith barely misses you.
You hit the wraith but do no damage.
The wraith is heavily damaged.
You block the wraith's attack.
You barely miss the wraith.
The wraith is heavily damaged.
The wraith hits you but does no damage. The wraith barely misses you.
You barely miss the wraith.
The wraith is heavily damaged.
The wraith hits you but does no damage.
You hit the wraith.
The wraith is heavily damaged.
You block the wraith's attack. x2
You hit the wraith but do no damage.
The wraith is heavily damaged.
The wraith hits you!
* * * LOW HITPOINT WARNING * * *
A demonic guardian appears!
The wraith drains your vigour!
You feel as though you will be slow longer.
You hit the wraith but do no damage.
The wraith is heavily damaged.
The wraith hits you!
* * * LOW HITPOINT WARNING * * *
Your white imp closely misses the wraith.
You hit the wraith but do no damage.
The wraith is heavily damaged.
The wraith barely misses you.
Your white imp closely misses the wraith.
The wraith hits you.
You die...

#.........
..~~###
##.........
...~~~~
#..........
.....~.
##..........
.......
#...........
#......
####.##########
♣.... ##....#
#''5###..####
#...W@..##
#########


You could see a wraith (ally target) and a friendly white imp (summoned).

Vanquished Creatures
  Sigmund (D:5)
  A black bear (D:2)
  An ice beast (D:5)
  A scorpion (D:4)
  A howler monkey (D:3)
  A bombardier beetle (D:4)
  A gnoll bouda (D:5)
  5 hounds
  An iguana (D:5)
  An orc wizard (D:4)
  3 gnolls (D:5)
  2 adders
  A white imp (D:5)
  A ribbon worm (D:3)
  10 orcs
  7 ball pythons
  8 endoplasms
  4 giant cockroaches
  14 goblins
  12 hobgoblins
  10 kobolds
  3 quokkas
  6 bats
  4 frilled lizards
  7 rats
106 creatures vanquished.

Vanquished Creatures (collateral kills)
  A gnoll (D:5)
1 creature vanquished.

Grand Total: 107 creatures vanquished

Notes
Turn   | Place    | Note
-------+----------+-------------------------------------------
     0 | D:1      | javelincjr the Demonspawn Gladiator began the quest for the
                  | Orb.
     0 | D:1      | Reached XP level 1. HP: 16/16 MP: 1/1
   140 | D:1      | Gained mutation: You sometimes gain a little power by
                  | taking damage. [demonic ancestry]
   140 | D:1      | Reached XP level 2. HP: 22/22 MP: 2/2
   520 | D:1      | Gained mutation: A weak demonic guardian rushes to your
                  | aid. [demonic ancestry]
   520 | D:1      | Reached XP level 3. HP: 24/28 MP: 3/3
   534 | D:1      | Reached skill level 1 in Armour
   932 | D:1      | Found Jeinimye's General Store.
  1203 | D:2      | Noticed a black bear
  1220 | D:2      | Killed a black bear
  1221 | D:2      | Reached skill level 3 in Fighting
  1221 | D:2      | Gained mutation: Your touch may inflict minor irresistible
                  | damage on your foes. [demonic ancestry]
  1221 | D:2      | Reached XP level 4. HP: 14/37 MP: 4/4
  1221 | D:2      | Reached XP level 5. HP: 16/42 MP: 5/5
  1577 | D:3      | Reached skill level 4 in Fighting
  1631 | D:3      | Found a runed translucent gate.
  1631 | D:3      | Found a runed translucent gate.
  1631 | D:3      | Found a runed translucent gate.
  1639 | D:3      | Noticed mitya21's ghost (amateur DsSh)
  1639 | D:3      | Noticed spaghetti's ghost (amateur NaBe)
  1640 | D:3      | Noticed hattop's ghost (amateur DrAl)
  1642 | D:3      | Noticed spaghetti's ghost (amateur NaBe)
  2093 | D:3      | Reached XP level 6. HP: 48/48 MP: 6/6
  2640 | D:4      | Found a sacrificial altar of Ru.
  3310 | D:5      | Entered Level 5 of the Dungeon
  3328 | D:5      | Noticed Sigmund
  3332 | D:5      | Reached skill level 5 in Fighting
  3341 | D:5      | Gained mutation: Your touch may inflict irresistible damage
                  | on your foes. [demonic ancestry]
  3341 | D:5      | Reached XP level 7. HP: 41/56 MP: 0/7
  3357 | D:5      | Killed Sigmund
  3496 | D:5      | Noticed a wraith
  3533 | D:5      | HP: 2/57 [wraith (7)]
  3534 | D:5      | Slain by a wraith

Illustrated notes

Levels and vault maps discovered:
D:1:      dpeg_arrival_morbid_curiosity, layout_loops_ring, serial_shops, shop,
          minmay_domino_4
D:2:      layout_rooms
D:3:      cheibrodos_greedy_goblins, layout_basic, nicolae_tso_carved_into_rock,
          gammafunk_ghost_cemetery
D:4:      layout_rooms, nicolae_ru_the_path_less_chosen,
          minmay_misc_feat_square, dreamdust_wishing_well, abandoned_shop
D:5:      layout_basic, minivault_26, kennysheep_donut, uniq_sigmund

Skill      XL: |  1  2  3  4  5  6  7 |
---------------+----------------------+-----
Dodging        | 3 4 |  4.5
Armour         | 1 2 3 |  3.4
Polearms       | 3 4 |  4.4
Fighting       | 3 4 5 |  5.9
Throwing       | |  1.7

Action                     |  1- 3 |  4- 6 |  7- 9 || total
---------------------------+-------+-------+-------++-------
  Melee: Trident           |    72 |       |       ||    72
         Spear             |    79 |   189 |    88 ||   356
         Touch             |       |     7 |       ||     7
  Throw: Throwing net      |     3 |       |       ||     3
   Stab: Sleeping          |     2 |       |       ||     2
 Armour: Leather armour    |    39 |       |       ||    39
         Ring mail         |    48 |    18 |       ||    66
         Chain mail        |       |   110 |    56 ||   166
  Dodge: Dodged            |    79 |    49 |    22 ||   150
  Block: Buckler           |       |    15 |    14 ||    29

Table legend: (Time is in decaauts)
 A = Elapsed time spent in this place.
 B = Non-inter-level travel time spent in this place.
 C = Inter-level travel time spent in this place.
 D = Time resting spent in this place.
 E = Time spent auto-exploring this place.
 F = Levels seen in this place.
 G = Mean time per level.
                   A        B        C        D        E       F      G
               +--------+--------+--------+--------+--------+-----+--------+
         Total |   3531 |   3445 |     86 |    166 |   2405 |   5 |  706.2 |
       Dungeon |   3531 |   3445 |     86 |    166 |   2405 |   5 |  706.2 |
               +--------+--------+--------+--------+--------+-----+--------+

Top non-repeatable levels by time:
     D:1: 1045 daAuts
     D:3: 974 daAuts
     D:4: 767 daAuts
     D:2: 519 daAuts
     D:5: 224 daAuts
